 Dungeon Crawl Stone Soup version 0.30-a0-374-g95c0257040 (webtiles) character file.

Game seed: 15965991920040140034

3178 NinjaNoafa the Grappler (level 9, -9/88 HPs)
             Began as a Troll Monk on Nov 26, 2022.
             Was a Priest of Wu Jian.
             Mangled by a four-headed hydra (14 damage)
             ... on level 8 of the Dungeon.
             The game lasted 00:15:09 (5858 turns).

NinjaNoafa the Grappler (Troll Monk)                Turns: 5858, Time: 00:15:10

Health: -9/88      AC:  6    Str: 21    XL:     9   Next: 63%
Magic:  8/8        EV: 16    Int:  6    God:    Wu Jian [***...]
Gold:   422        SH:  0    Dex: 19    Spells: 8/8 levels left

rFire   . . .      SeeInvis .      - Unarmed
rCold   . . .      Faith    .    (no shield)
rNeg    + . .      Spirit   .    o - +1 robe of Osac {rN+ Dex+3 Archmagi}
rPois   .          Reflect  .    (helmet restricted)
rElec   .          Harm     .    i - +0 cloak
rCorr   .          Rampage  .    (gloves unavailable)
Will    .....      Archmagi +    (boots unavailable)
Stlth   ++........               l - amulet of the acrobat
HPRegen 1.14/turn                w - ring of flight
MPRegen 0.11/turn                C - +4 ring of evasion

@: flying
A: large, unfitting armour, claws 3, regeneration 1, shaggy fur 1, tough skin 1
a: Renounce Religion, Wall Jump, Serpent's Lash


You were on level 8 of the Dungeon.
You worshipped Wu Jian.
Wu Jian was most pleased with you.
You visited 2 branches of the dungeon, and saw 9 of its levels.

You collected 422 gold pieces.

Inventory:

Missiles
 c - 51 stones
 u - 4 atropa-tipped darts
 v - 13 poisoned darts
 x - 10 javelins
 K - 2 boomerangs
Armour
 i - a +0 cloak (worn)
 o - the +1 robe of Osac (worn) {rN+ Dex+3 Archmagi}
   (You found it on level 3 of the Dungeon)

   Dex:       It affects your dexterity (+3).
   rN:        It protects you from negative energy.
   Archmagi:  It increases the power of your magical spells.
Jewellery
 l - an amulet of the acrobat (around neck)
 w - a ring of flight (left claw)
 C - a +4 ring of evasion (right claw)
Wands
 t - a wand of charming (13)
 E - a wand of acid (5)
 G - a wand of flame (16)
 I - a wand of roots (4)
Scrolls
 b - 2 scrolls of butterflies {unknown}
 g - a scroll of amnesia {unknown}
 m - 2 scrolls of identify
 n - 2 scrolls of immolation {unknown}
 p - 2 scrolls of enchant armour {unknown}
 q - a scroll of enchant weapon {unknown}
 r - a scroll of torment {unknown}
 s - a scroll of brand weapon {unknown}
 y - a scroll of vulnerability {unknown}
 A - 2 scrolls of silence {unknown}
 B - a scroll of summoning {unknown}
 D - a scroll of magic mapping {unknown}
 J - 4 scrolls of noise
 L - a scroll of teleportation {unknown}
Potions
 a - 3 potions of brilliance {unknown}
 d - 2 potions of magic {unknown}
 e - a potion of heal wounds {unknown}
 f - a potion of resistance {unknown}
 h - a potion of haste {unknown}
 j - 6 potions of curing
 k - 2 potions of mutation {unknown}
 z - a potion of experience {unknown}
 F - 2 potions of might {unknown}
 H - a potion of flight {unknown}


   Skills:
 - Level 5.0 Fighting
 - Level 5.0 Dodging
 - Level 1.0 Stealth
 + Level 11.8 Unarmed Combat


You had 8 spell levels left.
You didn't know any spells.
Your spell library contained the following spells:

 Spells                   Type           Power      Damage    Failure   Level
 Apportation              Tloc           0%         N/A       45%         1
 Necrotise                Necr           0%         1d4       45%         1
 Summon Small Mammal      Summ           0%         N/A       45%         1
 Poisonous Vapours        Pois/Air       0%         N/A       58%         2
 Hailstorm                Conj/Ice       0%         3d3       83%         3
 Summon Guardian Golem    Hex/Summ       0%         N/A       83%         3
 Vampiric Draining        Necr           0%         2d6       83%         3
 Vhi's Electric Charge    Tloc/Air       0%         N/A       83%         3
 Ice Form                 Ice/Tmut       0%         N/A       99%         4
 Summon Ice Beast         Ice/Summ       0%         N/A       99%         4
 Agony                    Necr           0%         N/A       100%        5
 Summon Mana Viper        Hex/Summ       0%         N/A       100%        5
 Simulacrum               Ice/Necr       0%         N/A       100%        6
 Monstrous Menagerie      Summ           0%         N/A       100%        7
 Orb of Destruction       Conj           0%         9d5       100%        7
 Spellforged Servitor     Conj/Summ      0%         N/A       100%        7
 Necromutation            Tmut/Necr      0%         N/A       100%        8


Dungeon Overview and Level Annotations

Branches:
Dungeon (8/15)             Temple (1/1) D:5
   Lair: D:8-11

Altars:
Cheibriados
Dithmenos
Elyvilon
Fedhas
Kikubaaqudgha
Makhleb
Nemelex Xobeh
Okawaru
Qazlal
Ru
Sif Muna
Trog
Vehumet
Wu Jian
Xom
Yredelemnul
Zin
The Shining One

Shops:
D:1 :   D:4 =   D:8 (

Annotations:
D:4 2 transporters, Encipher's ghost, amateur OpTm


Innate Abilities, Weirdness & Mutations

You are too large for most types of armour.
You have claws for hands.
Your natural rate of healing is unusually fast.
You are covered in fur. (AC +1)
You have tough skin. (AC +1)


Message History

The four-headed hydra is heavily wounded.
The grasping roots constrict the four-headed hydra!
The roots release their grip on the four-headed hydra.
The four-headed hydra bites you. x2; The four-headed hydra bites you!
* * * LOW HITPOINT WARNING * * *
The four-headed hydra barely misses you.
Okay, then.
The four-headed hydra attacks as you move away!
The four-headed hydra misses you.
The four-headed hydra completely misses you.
The four-headed hydra bites you.
* * * LOW HITPOINT WARNING * * *
The four-headed hydra bites you.
* * * LOW HITPOINT WARNING * * *
The four-headed hydra barely misses you.
The four-headed hydra completely misses you. x2
The four-headed hydra closely misses you.
You see here a +1 falchion of flaming.
As you read the scroll labelled EDEIHE FOATHUU, it crumbles to dust.
It is a scroll of identify.
J - 4 scrolls of noise The four-headed hydra bites you but does no damage.
The four-headed hydra bites you.
* * * LOW HITPOINT WARNING * * *
The four-headed hydra completely misses you.
The four-headed hydra bites you!
* * * LOW HITPOINT WARNING * * *
The four-headed hydra attacks as you move away!
The four-headed hydra bites you.
* * * LOW HITPOINT WARNING * * *
The four-headed hydra barely misses you.
The four-headed hydra bites you but does no damage.
The four-headed hydra misses you.
It was a potion of curing.
You feel better.
The four-headed hydra bites you but does no damage.
The four-headed hydra barely misses you.
The four-headed hydra bites you.
* * * LOW HITPOINT WARNING * * *
The four-headed hydra bites you!
You die...

#.#.#.....#
#..∩......#
#.#.#.....# ##
#.........# ###...
####.......###....#
..................#
####...............#
.........####.#####..
###.....#..~.@~PP#
#.....#.♣.♣)D~P#
##....#..♣..P)~#
##[).#.♣.♣.~~P#
##.##.....P~.# #####
###..##'''###)#
.....##†...#.....#.)#
.....#...#.#.....+..#
.....#.#...##########


You could see a four-headed hydra (corroded).

Vanquished Creatures
  Pikel (D:7)
  Psyche (D:8)
  A hornet (D:8)
  2 dream sheep (D:8)
  A water moccasin (D:5)
  An orc warrior (D:7)
  A sky beast (D:6)
  A black bear (D:7)
  An ogre (D:4)
  A centaur (D:7)
  A lemure (D:6)
  4 kobold brigands
  2 necrophages (D:6)
  A bullfrog (D:7)
  A scorpion (D:5)
  A vampire bat (D:3)
  2 hounds
  2 jellies
  2 gnoll boudas (D:7)
  2 orc priests
  Terence (D:2)
  Jessica (D:2)
  An iguana (D:5)
  3 orc wizards
  Robin (D:2)
  4 adders
  15 gnolls
  A shadow imp (D:5)
  A white imp (D:7)
  An ufetubus (D:7)
  A dart slug (D:4)
  3 fire bats (D:3)
  29 orcs
  2 spectral bats (D:3)
  3 bat skeletons (D:3)
  A bat zombie (D:3)
  5 endoplasms
  3 giant cockroaches
  12 goblins
  7 hobgoblins
  10 jackals
  3 quokkas
  7 ball pythons
  17 bats
  A bat simulacrum (D:3)
  6 frilled lizards
  13 kobolds
  7 rats
188 creatures vanquished.

Vanquished Creatures (others)
  A quokka (D:4)
1 creature vanquished.

Grand Total: 189 creatures vanquished

Notes
Turn   | Place    | Note
-------+----------+-------------------------------------------
     0 | D:1      | NinjaNoafa the Troll Monk began the quest for the Orb.
     0 | D:1      | Reached XP level 1. HP: 22/22 MP: 0/0
   153 | D:1      | Reached XP level 2. HP: 29/29 MP: 1/1
   354 | D:1      | Found Gosifoz's Book Emporium.
   513 | D:2      | Reached XP level 3. HP: 37/37 MP: 2/2
   716 | D:2      | Noticed Robin
   732 | D:2      | Reached XP level 4. HP: 25/45 MP: 3/3
   766 | D:2      | Killed Robin
   819 | D:2      | Noticed Terence
   844 | D:2      | Killed Terence
  1021 | D:2      | Got the Anthology of the Crypt and Gusts
  1078 | D:2      | Noticed Jessica
  1091 | D:2      | Killed Jessica
  1092 | D:2      | Reached XP level 5. HP: 54/54 MP: 4/4
  1571 | D:3      | Identified the +1 robe of Osac {rN+ Dex+3 Archmagi}
  1899 | D:3      | Reached XP level 6. HP: 59/63 MP: 5/5
  2108 | D:4      | Found a transporter.
  2111 | D:4      | Noticed Encipher's ghost (amateur OpTm)
  2490 | D:4      | Found Sotuhid's Jewellery Shoppe.
  2634 | D:4      | Found a white marble altar of Elyvilon.
  2739 | D:4      | Found a transporter.
  3286 | D:5      | Entered Level 5 of the Dungeon
  3292 | D:5      | Found a staircase to the Ecumenical Temple.
  3307 | Temple   | Entered the Ecumenical Temple
  3346 | Temple   | Became a worshipper of the Wu Jian Council
  3346 | Temple   | Reached * piety under Wu Jian
  3346 | Temple   | Reached ** piety under Wu Jian
  3558 | D:5      | Reached skill level 5 in Fighting
  3558 | D:5      | Reached skill level 5 in Dodging
  3558 | D:5      | Reached XP level 7. HP: 69/72 MP: 6/6
  3658 | D:5      | Reached skill level 4 in Unarmed Combat
  4248 | D:5      | Reached skill level 5 in Unarmed Combat
  4340 | D:6      | Reached skill level 6 in Unarmed Combat
  4421 | D:6      | Reached XP level 8. HP: 69/80 MP: 7/7
  4898 | D:7      | Noticed Pikel
  5022 | D:7      | Reached skill level 7 in Unarmed Combat
  5152 | D:7      | Reached skill level 8 in Unarmed Combat
  5153 | D:7      | Reached *** piety under Wu Jian
  5324 | D:7      | Killed Pikel
  5325 | D:7      | Reached skill level 9 in Unarmed Combat
  5325 | D:7      | Reached XP level 9. HP: 54/88 MP: 8/8
  5424 | D:7      | Reached skill level 10 in Unarmed Combat
  5728 | D:8      | Paralysed by a hornet for 1 turns
  5752 | D:8      | Noticed Psyche
  5762 | D:8      | Killed Psyche
  5768 | D:8      | Found Ibruk's Antique Weapon Shoppe.
  5804 | D:8      | Reached skill level 11 in Unarmed Combat
  5845 | D:8      | Noticed a three-headed hydra
  5857 | D:8      | HP: 4/88 [four-headed hydra (1)]
  5858 | D:8      | Mangled by a four-headed hydra

Illustrated notes

Levels and vault maps discovered:
D:1:      psy_arrival_conway, layout_rooms, serial_shops, shop,
          chequers_serial_rivers_room_b, minmay_tetromino_o2
D:2:      layout_basic, uniq_terence, uniq_jessica, uniq_robin
D:3:      layout_loops_ring, goddamned_bats
D:4:      layout_basic, elyvilon_altar_4, gammafunk_ghost_arena,
          minmay_shop_enchanted_jewellery
D:5:      layout_basic, minmay_temple_entry_glassed_door, grunt_decor_arrowhead
D:6:      nicolae_BIG_FREAKIN_CUBE, layout_cave_pools, amethyst_killhole
D:7:      layout_gridville, uniq_pikel
D:8:      layout_rooms, serial_shops, shop, nicolae_shop_crystal, shop,
          hangedman_ranch, uniq_psyche
Temple:   minmay_crystal_spiral_temple

Skill      XL: |  1  2  3  4  5  6  7  8  9 |
---------------+----------------------------+-----
Fighting       | 3 4 5 |  5.0
Dodging        | 3 4 5 |  5.0
Unarmed Combat | 6 9 11 | 11.8
Stealth        | |  1.0

Action                   |  1- 3 |  4- 6 |  7- 9 || total
-------------------------+-------+-------+-------++-------
Melee: Unarmed           |    88 |   251 |   273 ||   612
       Punch             |     2 |     2 |    12 ||    16
       Giant club        |       |     4 |       ||     4
Throw: Stone             |       |     4 |       ||     4
Invok: Whirlwind         |       |     7 |   137 ||   144
       Lunge             |       |       |    15 ||    15
 Abil: Wall Jump         |       |     1 |     8 ||     9
Evoke: Wand              |       |       |     6 ||     6
  Use: Potion            |       |     1 |     1 ||     2
       Scroll            |       |       |     1 ||     1
 Stab: Sleeping          |     2 |     4 |     1 ||     7
       Distracted        |       |       |     1 ||     1
Armor: Robe              |    44 |   150 |    64 ||   258
       Skin              |       |       |     2 ||     2
Dodge: Dodged            |    74 |   325 |   184 ||   583

Table legend: (Time is in decaauts)
 A = Elapsed time spent in this place.
 B = Non-inter-level travel time spent in this place.
 C = Inter-level travel time spent in this place.
 D = Time resting spent in this place.
 E = Time spent auto-exploring this place.
 F = Levels seen in this place.
 G = Mean time per level.
                   A        B        C        D        E       F      G
               +--------+--------+--------+--------+--------+-----+--------+
         Total |   5845 |   5514 |    331 |      5 |   3916 |   9 |  649.4 |
       Dungeon |   5641 |   5394 |    247 |      5 |   3850 |   8 |  705.1 |
        Temple |    204 |    120 |     84 |      0 |     66 |   1 |  204.0 |
               +--------+--------+--------+--------+--------+-----+--------+

Top non-repeatable levels by time:
     D:4: 1186 daAuts
     D:7: 830 daAuts
     D:3: 799 daAuts
     D:5: 754 daAuts
     D:2: 732 daAuts
     D:6: 646 daAuts
     D:1: 557 daAuts
  Temple: 204 daAuts
     D:8: 134 daAuts
